 Dungeon Crawl Stone Soup version 0.30-a0-802-gb92711bcdf (webtiles) character file.

Game seed: 5229883872483085787

236 jasper the Shooter (level 5, -3/37 HPs)
             Began as a Demonspawn Hexslinger on Feb 24, 2023.
             Killed by an exploding ball python (19 damage)
             ... ignited by their inner flame
             ... in a sewer.
             The game lasted 00:06:22 (3334 turns).

jasper the Shooter (Demonspawn Hexslinger)          Turns: 3334, Time: 00:06:23

Health: -3/37      AC:  6    Str: 11    XL:     5   Next: 77%
Magic:  0/6        EV:  7    Int: 16    God:
Gold:   130        SH:  0    Dex: 13    Spells: 5/6 levels left

rFire   . . .      SeeInvis .    a - +1 sling (freeze)
rCold   . . .      Faith    .    (no shield)
rNeg    . . .      Spirit   +    m - +0 ring mail
rPois   .          Reflect  .    (no helmet)
rElec   .          Harm     .    (no cloak)
rCorr   .          Rampage  .    j - +0 pair of gloves
Will    .....                    (no boots)
Stlth   +                        h - amulet of guardian spirit
HPRegen 0.26/turn                (no ring)
MPRegen 0.20/turn                (no ring)

@: constricted
A: magic regeneration, condensation shield
a: no special abilities


You were in a sewer.
You visited 1 branch of the dungeon, and saw 4 of its levels.
You also visited: Sewer.

You collected 130 gold pieces.

Inventory:

Hand Weapons
 a - a +1 sling of freezing (weapon)
Armour
 c - a +0 robe
 d - a +0 chain mail
 j - a +0 pair of gloves (worn)
 m - a +0 ring mail (worn)
Jewellery
 h - an amulet of guardian spirit (around neck)
Scrolls
 b - 2 scrolls of poison
 g - a scroll of magic mapping
 n - 3 scrolls of identify
 p - a scroll of immolation
Potions
 e - a potion of brilliance
 f - 4 potions of curing
 i - a potion of cancellation {unknown}
 k - a potion of mutation
 l - a potion of degeneration {unknown}
 o - a potion of heal wounds
 q - a potion of might {unknown}


   Skills:
 - Level 1.0 Fighting
 + Level 5.6 Ranged Weapons
 - Level 1.7 Dodging
 - Level 1.0 Spellcasting
 - Level 3.0 Hexes


You had 5 spell levels left.
You knew the following spells:

 Your Spells              Type           Power      Damage    Failure   Level
a - Slow                  Hex            40%        N/A       16%         1

Your spell library contained the following spells:

 Spells                   Type           Power      Damage    Failure   Level
 Foxfire                  Conj/Fire      0%         2x1d4     50%         1
 Magic Dart               Conj           0%         1d3       50%         1
 Call Imp                 Summ           0%         N/A       63%         2
 Inner Flame              Hex/Fire       5%         N/A       65%         3
 Portal Projectile        Hex/Tloc       10%        N/A       65%         3
 Cause Fear               Hex            5%         N/A       85%         4
 Call Canine Familiar     Summ           0%         N/A       86%         3
 Gell's Gravitas          Tloc           0%         N/A       86%         3
 Mephitic Cloud           Conj/Pois/Air  0%         N/A       86%         3
 Teleport Other           Tloc           0%         N/A       86%         3
 Leda's Liquefaction      Hex/Erth       2%         N/A       96%         4
 Fireball                 Conj/Fire      0%         3d3       100%        5
 Dispersal                Tloc           0%         N/A       100%        6
 Starburst                Conj/Fire      0%         6d3       100%        6


Dungeon Overview and Level Annotations

Branches:
Dungeon (4/15)              Sewer (1/1)
 Temple: D:4-7

Altars:
Fedhas

Shops:
D:3 :

Annotations:
D:2 1 runed translucent door, Crazy Yiuf


Innate Abilities, Weirdness & Mutations

You regenerate magic rapidly.
A meltable shield of frost defends you. (SH +0)


Message History

The adder bites you but does no damage.
The ball python bites you but does no damage.
The ball python barely misses you.
The ball python bites you but does no damage.
The ball python constricts you.
You take 1 damage, and have 17/37 hp.
Really read the scroll of immolation?
As you read the scroll of immolation, it crumbles to dust.
The creatures around you are filled with an inner flame!
The ball python bites you but does no damage.
The adder closely misses you. The ball python barely misses you.
The ball python completely misses you.
The ball python bites you but does no damage.
The ball python constricts you.
The bullfrog snags a nearby millipede with its tongue.
The ball python bites you.
You take 1 damage, and have 16/37 hp.
Fire: a) +1 sling (freeze)
Press: ? - help, Q - select action, (/) - cycle Shift-Dir - straight line, f - ball python
Aim: a ball python (inner flame, 53% to hit)
You shoot a sling bullet.
The sling bullet closely misses the ball python.
The adder bites you but does no damage. You block the ball python's attack. x2
The ball python barely misses you. The ball python constricts you.
The adder bites you but does no damage.
The ball python bites you but does no damage. x3
The ball python barely misses you. The ball python constricts you.
Fire: a) +1 sling (freeze)
Press: ? - help, Q - select action, (/) - cycle Shift-Dir - straight line, f/p - ball python
Aim: a ball python (inner flame, 53% to hit)
You shoot a sling bullet. The sling bullet hits the ball python.
The ball python seems to slow down.
The sling bullet freezes the ball python.
The ball python explodes!
The fiery explosion engulfs the adder!
The fiery explosion engulfs the bullfrog!!!
The fiery explosion engulfs you!!
Your condensation shield dissipates!
Ouch! That really hurt!
You die...

....# #.....
## §°☼§#
##~~~~ #°
☼§§○# #~~~~~
#°≈☼§○☼#
#~~~≈≈ #§
☼§§≈# #~~~~≈
#S S§J§#
#~~~~~
#§#F~§☼#
#≈~~~~
#§§#J°☼#
#≈≈~~~
#§@S§°☼#
#≈≈~~~
#○SS§○§#
##~~..
#§☼§§°○#
#≈....
#§#○○§°#
#≈.~~~
#○~°○§☼#
#~~~~≈
#§~§○°§#
#~~~≈≈
#°~°☼§§#
#~~~~~
#○≈○§§§#
#≈~~~~
#~~~~~~#####
#~~~~~


You could see a bullfrog (inner flame), an endoplasm (inner flame) and 5 ball
pythons.

Vanquished Creatures
  A bullfrog (Sewer)
  8 adders
  5 river rats (Sewer)
  3 worms
  5 dart slugs
  3 orcs (D:4)
  12 ball pythons
  9 endoplasms
  A giant cockroach (D:1)
  10 goblins
  5 hobgoblins
  5 jackals
  2 quokkas
  7 bats
  6 frilled lizards
  8 kobolds
  31 rats
121 creatures vanquished.

Notes
Turn   | Place    | Note
-------+----------+-------------------------------------------
     0 | D:1      | jasper the Demonspawn Hexslinger began the quest for the
                  | Orb.
     0 | D:1      | Reached XP level 1. HP: 15/15 MP: 2/2
    82 | D:1      | Reached skill level 2 in Ranged Weapons
   226 | D:1      | Gained mutation: A meltable shield of frost defends you.
                  | (SH +0) [demonic ancestry]
   226 | D:1      | Reached XP level 2. HP: 21/21 MP: 3/3
   832 | D:2      | Reached skill level 3 in Ranged Weapons
   985 | D:2      | Reached XP level 3. HP: 24/26 MP: 4/4
  1119 | D:2      | Found a faded altar of an unknown god.
  1423 | D:2      | Reached skill level 4 in Ranged Weapons
  1423 | D:2      | Reached XP level 4. HP: 32/32 MP: 3/5
  1495 | D:2      | Found a runed translucent door.
  1496 | D:2      | Noticed Crazy Yiuf
  2207 | D:3      | Found Resushr Nora's Vocational Training.
  2244 | D:3      | Found a blossoming altar of Fedhas.
  2811 | D:4      | Found a glowing drain.
  2838 | Sewer    | Entered a sewer
  2927 | Sewer    | Gained mutation: You regenerate magic rapidly. [demonic
                  | ancestry]
  2927 | Sewer    | Reached XP level 5. HP: 27/37 MP: 3/6
  2990 | Sewer    | Reached skill level 5 in Ranged Weapons
  3334 | Sewer    | Killed by an exploding ball python... ignited by their
                  | inner flame

Illustrated notes

Levels and vault maps discovered:
D:1:      dpeg_arrival_windows_large_door, layout_basic
D:2:      minmay_thinvault, layout_rooms,
          dreamdust_ecumenical_altar_sealed_demon, uniq_crazy_yiuf_cottage
D:3:      layout_loops_ring, mainiacjoe_overflow_alcove_1, skrybe_limestone_x,
          nicolae_shop_vocational
D:4:      layout_basic, portal_sewer_entry_a, kennysheep_doodads,
          kennysheep_generic_room_5, uniq_menkaure, uniq_blork_the_orc
Sewer:    sewer_minmay_w

Skill      XL: |  1  2  3  4  5 |
---------------+----------------+-----
Ranged Weapons | 2 3 4 5 |  5.6
Fighting       | |  1.0
Dodging        | |  1.7
Spellcasting   | |  1.0
Hexes          | |  3.0

Action                     |  1- 3 |  4- 6 || total
---------------------------+-------+-------++-------
   Fire: Sling             |   155 |   236 ||   391
    Use: Scroll            |     1 |    13 ||    14
         Potion            |       |     1 ||     1
 Armour: Chain mail        |   106 |    10 ||   116
         Ring mail         |       |   108 ||   108
  Dodge: Dodged            |    36 |   140 ||   176
  Block: Other             |    22 |    46 ||    68

Table legend: (Time is in decaauts)
 A = Elapsed time spent in this place.
 B = Non-inter-level travel time spent in this place.
 C = Inter-level travel time spent in this place.
 D = Time resting spent in this place.
 E = Time spent auto-exploring this place.
 F = Levels seen in this place.
 G = Mean time per level.
                   A        B        C        D        E       F      G
               +--------+--------+--------+--------+--------+-----+--------+
         Total |   3603 |   3455 |    148 |      7 |   2624 |   5 |  720.6 |
       Dungeon |   3023 |   2875 |    148 |      0 |   2266 |   4 |  755.8 |
         Sewer |    580 |    580 |      0 |      7 |    358 |   1 |  580.0 |
               +--------+--------+--------+--------+--------+-----+--------+

Top non-repeatable levels by time:
     D:2: 1326 daAuts
     D:1: 876 daAuts
     D:3: 706 daAuts
   Sewer: 580 daAuts
     D:4: 113 daAuts
